 Dungeon Crawl Stone Soup version 0.30-a0-23-ge60ba3568b (webtiles) character file.

Game seed: 7094771478025529618

55 xian the Trooper (level 3, -1/33 HPs)
             Began as a Draconian Fighter on Aug 24, 2022.
             Slain by a scorpion (4 damage)
             ... on level 2 of the Dungeon.
             The game lasted 00:05:07 (2041 turns).

xian the Trooper (Draconian Fighter)                Turns: 2041, Time: 00:05:08

Health: -1/33      AC:  5    Str: 20    XL:     3   Next: 67%
Magic:  3/3        EV: 12    Int:  8    God:
Gold:   12         SH:  4    Dex: 10    Spells: 2/2 levels left

rFire   . . .      SeeInvis .    j - +1 whip (elec)
rCold   . . .      Faith    .    b - +0 buckler
rNeg    . . .      Spirit   .    (body armour unavailable)
rPois   .          Reflect  .    (helmet restricted)
rElec   .          Harm     .    (no cloak)
rCorr   .          Rampage  .    (no gloves)
Will    .....                    (no boots)
Stlth   +.........               (no amulet)
HPRegen 0.11/turn                (no ring)
MPRegen 0.08/turn                (no ring)

@: mighty, lethally poisoned (-1 -> -11)
A: AC +5, unfitting armour, cold-blooded
a: no special abilities


You were on level 2 of the Dungeon.
You visited 1 branch of the dungeon, and saw 3 of its levels.

You collected 12 gold pieces.

Inventory:

Hand Weapons
 j - a +1 whip of electrocution (weapon)
 o - a +0 arbalest
Armour
 b - a +0 buckler (worn)
Scrolls
 d - 2 scrolls of teleportation {unknown}
 h - a scroll of enchant armour {unknown}
 i - a scroll of magic mapping {unknown}
 k - 2 scrolls of identify {unknown}
 l - a scroll of summoning {unknown}
 m - 2 scrolls of torment {unknown}
 p - a scroll of silence {unknown}
Potions
 c - 2 potions of might
 e - a potion of flight {unknown}
 f - a potion of berserk rage {unknown}
 g - a potion of lignification {unknown}
 n - a potion of haste {unknown}
 q - a potion of mutation {unknown}
 r - a potion of degeneration {unknown}
 s - a potion of resistance {unknown}


   Skills:
 + Level 3.9 Fighting
 - Level 2.4(2.5) Axes
 + Level 0.8(1.8) Maces & Flails
 + Level 3.1 Dodging
 + Level 3.3 Shields


You had 2 spell levels left.
You didn't know any spells.
Your spell library was empty.

Dungeon Overview and Level Annotations

Branches:
Dungeon (3/15)

Altars:


Innate Abilities, Weirdness & Mutations

Your plain brown scales are hard. (AC +5)
You cannot fit into any form of body armour.
You are cold-blooded and may be slowed by cold attacks.


Message History

Okay, then.
There are no items here.
A bat comes into view.
The bat moves out of view.
You closely miss the scorpion. You block the scorpion's attack.
You hit the scorpion.
Your tail-slap misses the scorpion.
The scorpion is moderately wounded.
You block the scorpion's attack. The kobold misses you.
The scorpion barely misses you.
You hit the scorpion.
The scorpion is heavily wounded.
The scorpion stings you but does no damage.
The kobold hits you but does no damage.
You hit the scorpion but do no damage.
The scorpion is heavily wounded.
The scorpion stings you.
You are poisoned.
The scorpion poisons you! You block the kobold's attack.
You hit the scorpion but do no damage.
The scorpion is heavily wounded.
You feel very sick. The scorpion stings you.
The kobold hits you but does no damage.
You feel very sick. The scorpion closely misses you.
There is a stone staircase leading up here.
You feel sick. The scorpion barely misses you. The kobold barely misses you.
You block the scorpion's attack.
You climb upwards.
You feel sick.
There is a stone staircase leading down here.
You feel very mighty all of a sudden.
You feel sick. The scorpion stings you.
* * * LOW HITPOINT WARNING * * *
You are lethally poisoned!
The scorpion poisons you! The kobold barely misses you.
You hit the scorpion.
The scorpion is almost dead.
* * * LOW HITPOINT WARNING * * *
You feel very sick. The scorpion stings you.
You die...

#.##..................
#.##..###.##...#######
#)###.###.#.#.....# #
#.###..##.......#.#
#...#.#...###.....#
###.#.#######..#.##
#.#.##.........#
#.#K##.####..####
#.#@##.# #.....#
#.#s##.# #.###.#
#.#.##.####.###.##
#.#.#...##.......#
#.....#....###...##
#####...##.##.....##
##.###.##.......
#.###.#......#.
##.##..#......##


You could see a scorpion and a kobold.

Vanquished Creatures
  An adder (D:2)
  A worm (D:2)
  2 dart slugs (D:1)
  8 ball pythons
  3 bats
  3 endoplasms
  2 giant cockroaches
  3 goblins
  2 hobgoblins (D:1)
  5 kobolds
  A quokka (D:1)
  4 frilled lizards
  4 rats (D:2)
39 creatures vanquished.

Notes
Turn   | Place    | Note
-------+----------+-------------------------------------------
     0 | D:1      | xian the Draconian Fighter began the quest for the Orb.
     0 | D:1      | Reached XP level 1. HP: 19/19 MP: 1/1
   229 | D:1      | Reached XP level 2. HP: 26/26 MP: 2/2
  1417 | D:2      | Reached XP level 3. HP: 33/33 MP: 3/3
  2029 | D:3      | Noticed a scorpion
  2041 | D:2      | Slain by a scorpion

Illustrated notes

Levels and vault maps discovered:
D:1:      mrwooster_arrival_statue_3, layout_basic, minmay_misc_feat_iff
D:2:      layout_loops_ring, lightli_corner_chamber
D:3:      layout_rooms, serial_shops, nicolae_diamond_shop, uniq_ijyb,
          uniq_robin, uniq_crazy_yiuf_cottage

Skill      XL: |  1  2 |
---------------+-------+-----
Dodging        | 3 |  3.1
Fighting       | |  3.9
Axes           | |  2.4
Maces & Flails | |  0.8
Shields        | |  3.3

Action                   || total
-------------------------++-------
Melee: War axe           ||    48
       Tailslap          ||    11
       Whip              ||    48
  Use: Potion            ||     1
 Stab: Sleeping          ||     2
Armor: Skin              ||    37
Dodge: Dodged            ||    68
Block: Buckler           ||    25

Table legend: (Time is in decaauts)
 A = Elapsed time spent in this place.
 B = Non-inter-level travel time spent in this place.
 C = Inter-level travel time spent in this place.
 D = Time resting spent in this place.
 E = Time spent auto-exploring this place.
 F = Levels seen in this place.
 G = Mean time per level.
                   A        B        C        D        E       F      G
               +--------+--------+--------+--------+--------+-----+--------+
         Total |   2063 |   2012 |     51 |      0 |   1562 |   3 |  687.7 |
       Dungeon |   2063 |   2012 |     51 |      0 |   1562 |   3 |  687.7 |
               +--------+--------+--------+--------+--------+-----+--------+

Top non-repeatable levels by time:
     D:1: 1320 daAuts
     D:2: 732 daAuts
     D:3: 10 daAuts
